Map: Dusk Towers

Players

LilDicky - Winner!

  • Race: Terran Terran
  • League: Diamond

SpiriT

  • Race: Protoss Protoss
  • League: Diamond

VOD

http://www.twitch.tv/tumescentpie

Description

Time

  • Played on: Dec. 10, 2015, 3:20 p.m.
  • Length: 7:02
Show
View Real Time Build Order
Export as new Build Order

LilDicky Terran - Winner!

Build Orders: MMM Bio 

Get SALT Encoding   

  12  0:01  SCV  
  13  0:13  SCV  
  14  0:18  Supply Depot  
  14  0:25  SCV  
  15  0:37  Refinery  
  15  0:40  SCV  
  16  0:46  Barracks  
  16  0:52  SCV  
  17  1:04  SCV  
  18  1:16  SCV  
  19  1:28  SCV  
  20  1:37  Supply Depot  
  20  1:38  Marine  
  21  1:40  Factory  
  21  1:43  Orbital Command  
  21  1:56  Marine  
  22  2:04  Barracks  
  22  2:08  Barracks  
  22  2:12  SCV  
  23  2:15  Barracks Reactor  
  23  2:24  SCV  
  24  2:31  Refinery  
  24  2:36  SCV  
  25  2:46  Widow Mine  
  25  2:48  SCV  
  28  2:51  Supply Depot  
  28  2:52  Marine x2  
  28  2:54  Barracks Tech Lab x2  
  30  3:01  SCV  
  30  3:10  Marine  
  31  3:13  SCV, Marine  
  31  3:14  Widow Mine  
  31  3:15  Stimpack  
  35  3:26  Combat Shields  
  35  3:27  Marine x2  
  35  3:28  SCV, Marine  
  39  3:35  Supply Depot  
  37  4:01  Marine x2  
  37  4:02  Marauder x2  
  41  4:05  SCV  
  41  4:06  Supply Depot  
  42  4:17  SCV  
  42  4:19  Starport, Marine x2  
  45  4:24  Marauder  
  45  4:28  Marauder  
  45  4:29  Supply Depot  
  45  4:30  SCV  
  50  4:37  Marine x2  
  52  4:44  SCV  
  53  4:48  Supply Depot  
  53  4:54  Concussive Shells  
  53  4:55  Medivac, Marauder x2  
  53  4:57  Marine  
  53  4:59  Marine  
  61  5:13  SCV  
  62  5:15  Marine  
  62  5:16  Marauder x2  
  67  5:32  Engineering Bay  
  67  5:36  Widow Mine  
  67  5:40  Medivac  
  71  5:50  Supply Depot  
  71  5:58  Supply Depot  
  71  6:07  Marine x2  
  71  6:08  Marine  
  71  6:09  Marine  
  71  6:25  Marine x3  
Show
View Real Time Build Order
Export as new Build Order

SpiriT Protoss 

Build Orders: 1 Gate Expand 

Get SALT Encoding   

  12  0:01  Probe (Chrono Boost)  
  13  0:11  Probe (Chrono Boost)  
  14  0:18  Pylon  
  14  0:22  Probe (Chrono Boost)  
  15  0:36  Probe (Chrono Boost)  
  15  0:41  Gateway  
  16  0:46  Probe (Chrono Boost)  
  17  0:51  Assimilator  
  17  0:57  Probe (Chrono Boost)  
  18  1:08  Probe (Chrono Boost)  
  19  1:20  Probe (Chrono Boost)  
  20  1:30  Probe (Chrono Boost), Nexus  
  21  1:41  Pylon  
  21  1:44  Cybernetics Core  
  20  1:49  Assimilator  
  21  1:54  Probe (Chrono Boost)  
  21  2:05  Probe (Chrono Boost)  
  22  2:15  Probe (Chrono Boost)  
  23  2:24  Adept  
  23  2:25  Warp Gate  
  23  2:26  Mothership Core (Chrono Boost)  
  27  2:32  Pylon  
  27  2:42  Probe (Chrono Boost)  
  28  2:44  Probe (Chrono Boost)  
  29  2:51  Robotics Facility  
  29  2:52  Probe (Chrono Boost)  
  29  2:55  Probe (Chrono Boost)  
  31  3:00  Adept  
  33  3:06  Probe x2 (Chrono Boost)  
  33  3:12  Twilight Council  
  35  3:23  Forge  
  34  3:39  Observer (Chrono Boost)  
  34  4:01  Pylon  
  34  4:05  Pylon  
  34  4:17  Warp Prism (Chrono Boost)  
  36  4:25  Probe x2  
  38  4:33  Protoss Ground Weapons Level 1 (Chrono Boost)  
  38  4:36  Probe x2  
  40  4:41  Resonating Glaives  
  40  4:46  Probe  
  40  4:47  Probe  
  40  4:48  Gateway  
  42  4:55  Adept  
  44  5:04  Probe  
  44  5:05  Probe  
  46  5:11  Observer  
  47  5:22  Adept  
  47  5:23  Gateway  
  49  5:30  Pylon  
  49  5:31  Nexus  
  49  5:38  Immortal  
  53  5:43  Adept  
  53  5:48  Probe, Photon Cannon  
  53  5:49  Probe  
  57  5:58  Probe  
  57  6:01  Assimilator  
  57  6:02  Probe  
  57  6:03  Adept  
  61  6:04  Assimilator  
  64  6:28  Zealot x2  
Tags
 
Add a new tag
Caveats
  • Supply blocks, unpowered buildings, or Contaminate may cause inaccurate times.
  • Supply counts are checked every 10 seconds.